Map: Lightshade LE

Players

DRG

  • Race: Zerg Zerg

sOs - Winner!

  • Race: Protoss Protoss
  • League: Master

Event: DreamHack SC2 Masters 2021 Fall

VOD

Have the link to the VOD?

Description

Time

  • Played on: July 21, 2021, 3:33 a.m.
  • Length: 5:36

All games in this series

Show
View Real Time Build Order
Export as new Build Order

DRG Zerg 

Build Orders: Hatch First 

Get SALT Encoding   

  12  0:00  Drone  
  13  0:12  Overlord  
  13  0:16  Drone  
  14  0:30  Drone x2  
  16  0:43  Drone  
  16  0:45  Drone  
  18  0:57  Hatchery  
  17  0:59  Extractor  
  17  1:01  Drone  
  17  1:15  Spawning Pool  
  17  1:17  Drone  
  17  1:22  Drone  
  18  1:27  Drone  
  19  1:39  Drone  
  20  1:52  Hatchery  
  19  1:55  Drone  
  20  2:02  Metabolic Boost  
  20  2:06  Drone  
  21  2:15  Queen  
  21  2:21  Drone  
  24  2:23  Drone  
  24  2:27  Overlord  
  24  2:29  Zergling x2  
  26  2:32  Zergling x2  
  26  2:35  Zergling x2  
  28  2:44  Queen  
  28  2:47  Drone  
  31  2:55  Drone x2  
  31  2:56  Drone  
  33  2:59  Queen  
  33  3:04  Drone x2  
  37  3:07  Drone  
  38  3:13  Zergling x2  
  38  3:15  Zergling x4  
  41  3:26  Drone  
  42  3:27  Overlord  
  42  3:34  Overlord  
  42  3:41  Overlord  
  42  3:45  Queen x2  
  42  3:46  Drone x3  
  42  3:47  Drone  
  48  3:50  Drone  
  49  3:58  Drone  
  49  3:59  Drone x4  
  54  4:03  Overlord  
  54  4:08  Roach Warren  
  52  4:11  Zergling x4  
  52  4:15  Zergling x6  
  56  4:18  Overlord  
  56  4:21  Drone  
  56  4:23  Drone  
  58  4:25  Extractor  
  58  4:26  Drone  
  58  4:28  Overlord  
  58  4:31  Zergling x4  
  60  4:36  Zergling x8  
  64  4:41  Zergling x2  
  65  4:50  Roach x3  
  65  4:52  Overlord  
  71  4:56  Roach x3  
  77  5:00  Spore Crawler  
  77  5:01  Spore Crawler  
  77  5:04  Zergling x8  
  74  5:07  Spore Crawler  
  74  5:14  Zergling x4  
  71  5:22  Drone  
  71  5:23  Drone  
Show
View Real Time Build Order
Export as new Build Order

sOs Protoss - Winner!

Build Orders: 1 Gate Expand, Dark Templar Rush 

Get SALT Encoding   

  12  0:00  Probe  
  13  0:14  Pylon  
  13  0:17  Probe (Chrono Boost)  
  14  0:27  Probe (Chrono Boost)  
  15  0:32  Probe (Chrono Boost)  
  16  0:42  Gateway  
  16  0:43  Probe  
  17  0:50  Assimilator  
  17  0:55  Probe  
  18  1:08  Probe  
  19  1:20  Probe  
  20  1:29  Cybernetics Core  
  20  1:36  Nexus  
  20  1:41  Pylon  
  20  1:44  Probe  
  21  1:52  Assimilator  
  21  1:56  Probe  
  22  2:03  Adept (Chrono Boost)  
  22  2:04  Warp Gate (Chrono Boost)  
  24  2:08  Probe  
  25  2:21  Probe  
  26  2:26  Adept  
  26  2:29  Gateway  
  28  2:33  Probe  
  29  2:38  Twilight Council  
  29  2:45  Probe  
  30  2:56  Stalker  
  30  2:57  Pylon  
  32  3:00  Probe (Chrono Boost)  
  32  3:03  Probe (Chrono Boost)  
  34  3:11  Probe (Chrono Boost)  
  36  3:13  Probe (Chrono Boost)  
  36  3:18  Dark Shrine  
  36  3:24  Probe x2  
  38  3:29  Gateway  
  38  3:36  Probe x2  
  40  3:48  Probe, Adept x2  
  42  3:53  Probe  
  44  3:59  Pylon  
  44  4:00  Probe  
  45  4:05  Probe  
  46  4:13  Adept, Probe  
  46  4:14  Adept  
  51  4:17  Probe  
  52  4:25  Probe  
  52  4:27  Assimilator  
  52  4:29  Assimilator  
  53  4:37  Dark Templar x3  
  59  4:39  Nexus  
  59  4:43  Pylon  
  59  4:49  Probe x2  
  61  4:55  Pylon  
  61  5:03  Nexus  
  61  5:04  Pylon  
  61  5:12  Probe  
  61  5:13  Probe  
  63  5:16  Shield Battery  
  63  5:24  Adept x2  
  63  5:26  Adept  

Tags
 
Add a new tag
Caveats
  • Supply blocks, unpowered buildings, or Contaminate may cause inaccurate times.
  • Supply counts are checked every 10 seconds.